PAAA
MILTON DOGFISH HEAD @ SALT LAKE CITY BUZZ
09/01/2029
 
TOP OF THE 1ST
Milton Dogfish Head batting - Pitching for Salt Lake City Buzz : RHP Pedro Espinoza
Pitching: RHP Pedro Espinoza
Batting: LHB Jon Baxter 0-0: Ball
1-0: Ball
2-0: Ground out 6-3 (Groundball, 6)
Batting: SHB Enrique Costello 0-0: Called Strike
0-1: Ball
1-1: Ball
2-1: Foul Ball, location: 2F
2-2: Ground out 6-3 (Groundball, 6M)
Batting: LHB Víctor Robledo 0-0: DOUBLE (Groundball, 3L)
Batting: RHB Paco Muñóz 0-0: Foul Ball, location: 2F
0-1: Ball
1-1: Foul Ball, location: 2F
1-2: Fly out, F8 (Flyball, 8LD)
Top of the 1st over - 0 runs, 1 hit, 0 errors, 1 left on base; Milton 0 - Salt Lake City 0
BOTTOM OF THE 1ST
Salt Lake City Buzz batting - Pitching for Milton Dogfish Head : RHP Romano Martínez
Pitching: RHP Romano Martínez
Batting: RHB Alejandro Herrera 0-0: Ball
1-0: Called Strike
1-1: Ground out 6-3 (Groundball, 6)
Batting: RHB Jung-hwan Kwon 0-0: Called Strike
0-1: Swinging Strike
0-2: Fly out, F2 (Popup, 25F)
Batting: SHB Félix Medina 0-0: Called Strike
0-1: Ball
1-1: Ball
2-1: Ball
3-1: Ground out 6-3 (Groundball, 6)
Bottom of the 1st over - 0 runs, 0 hits, 0 errors, 0 left on base; Milton 0 - Salt Lake City 0
TOP OF THE 2ND
Milton Dogfish Head batting - Pitching for Salt Lake City Buzz : RHP Pedro Espinoza
Batting: LHB Floyd Long 0-0: Called Strike
0-1: Swinging Strike
0-2: Ball
1-2: Foul Ball, location: 2F
1-2: SINGLE (Groundball, 5D)
Batting: RHB Luis Alomar 0-0: Foul Ball, location: 2F
0-1: Ball
1-1: Foul Ball, location: 2F
1-2: Foul Ball, location: 2F
1-2: Grounds into double play, 6-4-3 (Groundball, 6)
Batting: RHB Miguel Montoya 0-0: Ball
1-0: Fly out, F8 (Flyball, 8RM)
Top of the 2nd over - 0 runs, 1 hit, 0 errors, 0 left on base; Milton 0 - Salt Lake City 0
BOTTOM OF THE 2ND
Salt Lake City Buzz batting - Pitching for Milton Dogfish Head : RHP Romano Martínez
Batting: LHB Qi-zhen Loong 0-0: Foul Ball, location: 2F
0-1: Fly out, F5 (Popup, 5F)
Batting: LHB Tim Waters 0-0: Ball
1-0: Ball
2-0: Foul Ball, location: 2F
2-1: Swinging Strike
2-2: Ball
3-2: Single, Error in OF, E8, batter to second base
Batting: LHB Roberto Soto 0-0: Ball
1-0: Ground out 6-3 (Groundball, 6)
Tim Waters to third
Batting: RHB Vicente Cruz 0-0: Ball
1-0: Ground out 4-3 (Groundball, 4S)
Bottom of the 2nd over - 0 runs, 1 hit, 1 error, 1 left on base; Milton 0 - Salt Lake City 0
TOP OF THE 3RD
Milton Dogfish Head batting - Pitching for Salt Lake City Buzz : RHP Pedro Espinoza
Batting: SHB Alejandro Castillo 0-0: Called Strike
0-1: Ball
1-1: Foul Ball, location: 2F
1-2: Ball
2-2: Ground out 5-3 (Groundball, 5)
Batting: RHB David Sánchez 0-0: Ball
1-0: Foul Ball, location: 2F
1-1: Ball
2-1: Reached on error, E9 (Line Drive, 9)
Batting: LHB Jon Baxter 0-0: Foul Ball, location: 2F
0-1: Ball
1-1: Swinging Strike
1-2: Ball
2-2: Ground out 4-3 (Groundball, 4)
David Sánchez to third
Batting: SHB Enrique Costello 0-0: Ball
1-0: Called Strike
1-1: Ball
2-1: Foul Ball, location: 2F
2-2: Ball
3-2: Base on Balls
Batting: LHB Víctor Robledo 0-0: Ball
1-0: Called Strike
1-1: Ball
2-1: Fly out, F9 (Flyball, 89S)
Top of the 3rd over - 0 runs, 0 hits, 1 error, 2 left on base; Milton 0 - Salt Lake City 0
BOTTOM OF THE 3RD
Salt Lake City Buzz batting - Pitching for Milton Dogfish Head : RHP Romano Martínez
Batting: LHB Mike Gillespie 0-0: Ball
1-0: Called Strike
1-1: Called Strike
1-2: Ball
2-2: Fly out, F8 (Line Drive, 8LD)
Batting: RHB Ethan Miller 0-0: Swinging Strike
0-1: Called Strike
0-2: Ball
1-2: Strikes out swinging
Batting: RHB Alejandro Herrera 0-0: Ball
1-0: Ball
2-0: Ball
3-0: Called Strike
3-1: Base on Balls
Batting: RHB Jung-hwan Kwon 0-0: Ball
Alejandro Herrera is caught stealing 2nd base
Bottom of the 3rd over - 0 runs, 0 hits, 0 errors, 0 left on base; Milton 0 - Salt Lake City 0
TOP OF THE 4TH
Milton Dogfish Head batting - Pitching for Salt Lake City Buzz : RHP Pedro Espinoza
Batting: RHB Paco Muñóz 0-0: Ball
1-0: Called Strike
1-1: Ball
2-1: Fly out, F9 (Flyball, 9D)
Batting: LHB Floyd Long 0-0: Ball
1-0: Fly out, F6 (Popup, 6M)
Batting: RHB Luis Alomar 0-0: Ball
1-0: Foul Ball, location: 2F
1-1: SINGLE (Line Drive, 6MD)
Batting: RHB Miguel Montoya 0-0: Ball
1-0: SINGLE (Groundball, 34S) (infield hit)
Luis Alomar to second
Batting: SHB Alejandro Castillo 0-0: Ball
1-0: Called Strike
1-1: Ground out 3-1 (Groundball, 34)
Top of the 4th over - 0 runs, 2 hits, 0 errors, 2 left on base; Milton 0 - Salt Lake City 0
BOTTOM OF THE 4TH
Salt Lake City Buzz batting - Pitching for Milton Dogfish Head : RHP Romano Martínez
Batting: RHB Jung-hwan Kwon 0-0: Ball
1-0: Called Strike
1-1: Ball
2-1: Foul Ball, location: 2F
2-2: Ground out 5-3 (Groundball, 56)
Batting: SHB Félix Medina 0-0: Called Strike
0-1: Ground out 6-3 (Groundball, 6)
Batting: LHB Qi-zhen Loong 0-0: Ball
1-0: Ball
2-0: Foul Ball, location: 2F
2-1: Ball
3-1: Base on Balls
Batting: LHB Tim Waters 0-0: Foul Ball, location: 2F
0-1: Called Strike
0-2: Ball
1-2: Foul Ball, location: 2F
1-2: Strikes out swinging
Bottom of the 4th over - 0 runs, 0 hits, 0 errors, 1 left on base; Milton 0 - Salt Lake City 0
TOP OF THE 5TH
Milton Dogfish Head batting - Pitching for Salt Lake City Buzz : RHP Pedro Espinoza
Batting: RHB David Sánchez 0-0: Ball
1-0: Ball
2-0: Called Strike
2-1: Foul Ball, location: 2F
2-2: Ball
3-2: Base on Balls
Batting: LHB Jon Baxter 0-0: Ball
1-0: Bunted foul
1-1: Bunt missed!
1-2: SINGLE (Groundball, 3) (infield hit)
David Sánchez to second
Batting: SHB Enrique Costello 0-0: Ball
1-0: Sac Bunt - play at first, batter OUT! 5-4
David Sánchez to third
Jon Baxter to second
Batting: LHB Víctor Robledo 0-0: Swinging Strike
0-1: Fly out, F9 (Flyball, 9)
Runner from 3rd tags up, SCORES, throw made
Jon Baxter to third
Batting: RHB Paco Muñóz 0-0: Ball
1-0: Called Strike
1-1: Swinging Strike
1-2: Ball
2-2: Ball
3-2: Foul Ball, location: 2F
3-2: Strikes out swinging
Top of the 5th over - 1 run, 1 hit, 0 errors, 1 left on base; Milton 1 - Salt Lake City 0
BOTTOM OF THE 5TH
Salt Lake City Buzz batting - Pitching for Milton Dogfish Head : RHP Romano Martínez
Batting: LHB Roberto Soto 0-0: Swinging Strike
0-1: Ball
1-1: Swinging Strike
1-2: Ball
2-2: Ball
3-2: Strikes out swinging
Batting: RHB Vicente Cruz 0-0: Ball
1-0: Ball
2-0: Ball
3-0: Base on Balls
Batting: LHB Mike Gillespie 0-0: Ball
1-0: Ball
2-0: Called Strike
2-1: SINGLE (Line Drive, 34)
Vicente Cruz to second
Runner from 2nd tries for 3rd, SAFE, no throw
Batting: RHB Ethan Miller 0-0: Called Strike
Mike Gillespie steals 2nd base
0-1: Ball
1-1: Ball
2-1: Ball
3-1: Base on Balls
Batting: RHB Alejandro Herrera 0-0: SINGLE (Flyball, 89S)
Vicente Cruz scores
Mike Gillespie to third
Ethan Miller to second
Batting: RHB Jung-hwan Kwon 0-0: Called Strike
0-1: Ball
1-1: Ball
2-1: Foul Ball, location: 2F
2-2: Grounds into double play, 1-2-3 (Groundball, 15)
Bottom of the 5th over - 1 run, 2 hits, 0 errors, 2 left on base; Milton 1 - Salt Lake City 1
TOP OF THE 6TH
Milton Dogfish Head batting - Pitching for Salt Lake City Buzz : RHP Pedro Espinoza
Batting: LHB Floyd Long 0-0: Foul Ball, location: 2F
0-1: Ball
1-1: Ball
2-1: Ball
3-1: Called Strike
3-2: Base on Balls
Batting: RHB Luis Alomar 0-0: Sac Bunt - play at first, batter OUT! 1-3
Floyd Long to second
Batting: RHB Miguel Montoya 0-0: Called Strike
0-1: Ball
1-1: Foul Ball, location: 2F
1-2: Ball
2-2: Foul Ball, location: 2F
2-2: DOUBLE (Line Drive, 9LD)
Floyd Long scores
Batting: SHB Alejandro Castillo 0-0: Ball
1-0: Foul Ball, location: 2F
1-1: Ball
2-1: Foul Ball, location: 2F
2-2: Strikes out swinging
Pitching: RHP Barry Jones
Batting: RHB David Sánchez 0-0: Ball
1-0: Ball
2-0: Foul Ball, location: 2F
2-1: Ground out 4-3 (Groundball, 4MS)
Top of the 6th over - 1 run, 1 hit, 0 errors, 1 left on base; Milton 2 - Salt Lake City 1
BOTTOM OF THE 6TH
Salt Lake City Buzz batting - Pitching for Milton Dogfish Head : RHP Romano Martínez
Batting: SHB Félix Medina 0-0: Swinging Strike
0-1: Ball
1-1: Ground out 4-3 (Groundball, 4)
Batting: LHB Qi-zhen Loong 0-0: Ball
1-0: Called Strike
1-1: Swinging Strike
1-2: Fly out, F3 (Line Drive, 3)
Batting: LHB Tim Waters 0-0: Foul Ball, location: 2F
0-1: Ball
1-1: Ball
2-1: Ball
3-1: Foul Ball, location: 2F
3-2: Foul Ball, location: 2F
3-2: SINGLE (Line Drive, 78S)
Batting: LHB Roberto Soto 0-0: Called Strike
0-1: Ball
1-1: Called Strike
1-2: Foul Ball, location: 2F
1-2: Ball
2-2: Fly out, F8 (Flyball, 8RS)
Bottom of the 6th over - 0 runs, 1 hit, 0 errors, 1 left on base; Milton 2 - Salt Lake City 1
TOP OF THE 7TH
Milton Dogfish Head batting - Pitching for Salt Lake City Buzz : RHP Barry Jones
Batting: LHB Jon Baxter 0-0: Ball
1-0: Ball
2-0: Called Strike
2-1: Foul Ball, location: 2F
2-2: Ball
3-2: SINGLE (Groundball, 6MD)
Batting: SHB Enrique Costello 0-0: Ball
1-0: Bunted foul
1-1: Bunt missed!
1-2: SINGLE (Line Drive, 34D)
Jon Baxter to second
Batting: LHB Víctor Robledo 0-0: Fly out, F2 (Popup, 5SF)
Batting: RHB Paco Muñóz 0-0: Called Strike
0-1: Fielders Choice at 2nd, 3-6 (Groundball, 3)
Jon Baxter to third
Batting: LHB Floyd Long 0-0: Swinging Strike
0-1: Foul Ball, location: 2F
0-2: Strikes out swinging
Top of the 7th over - 0 runs, 2 hits, 0 errors, 2 left on base; Milton 2 - Salt Lake City 1
BOTTOM OF THE 7TH
Salt Lake City Buzz batting - Pitching for Milton Dogfish Head : RHP Romano Martínez
Pitching: RHP José Luján
Batting: RHB Vicente Cruz 0-0: Ball
1-0: Ball
2-0: Foul Ball, location: 2F
2-1: Foul Ball, location: 2F
2-2: Foul Ball, location: 2F
2-2: Ball
3-2: Base on Balls
Batting: LHB Mike Gillespie 0-0: Called Strike
0-1: Swinging Strike
0-2: Ball
Throwing error on steal attempt, E2
Vicente Cruz to third
1-2: Strikes out swinging
Batting: RHB Ethan Miller 0-0: Called Strike
0-1: Ball
1-1: Swinging Strike
1-2: Ball
2-2: Strikes out swinging
Pinch Hitting: LHB Yannick Hendriksen 0-0: Called Strike
0-1: Called Strike
0-2: Ball
1-2: Ball
2-2: Foul Ball, location: 2F
2-2: Ball
3-2: Base on Balls
Batting: RHB Jung-hwan Kwon 0-0: Ball
1-0: Called Strike
1-1: Fielders Choice at 2nd, 5-4 (Groundball, 5L)
Bottom of the 7th over - 0 runs, 0 hits, 1 error, 2 left on base; Milton 2 - Salt Lake City 1
TOP OF THE 8TH
Milton Dogfish Head batting - Pitching for Salt Lake City Buzz : RHP Barry Jones
Now at SS: Pablo Coloa
Batting: RHB Luis Alomar 0-0: Ground out 5-3 (Groundball, 56)
Batting: RHB Miguel Montoya 0-0: Called Strike
0-1: Swinging Strike
0-2: Ball
1-2: Ball
2-2: Foul Ball, location: 2F
2-2: Foul Ball, location: 2F
2-2: Foul Ball, location: 2F
2-2: Ball
3-2: Strikes out looking
Pitching: LHP Léonard Moreau
Batting: SHB Alejandro Castillo 0-0: Called Strike
0-1: Fly out, F7 (Flyball, 7D)
Top of the 8th over - 0 runs, 0 hits, 0 errors, 0 left on base; Milton 2 - Salt Lake City 1
BOTTOM OF THE 8TH
Salt Lake City Buzz batting - Pitching for Milton Dogfish Head : RHP José Luján
Now at 1B: Rich Flannery
Batting: SHB Félix Medina 0-0: Called Strike
0-1: Foul Ball, location: 2F
0-2: Ball
1-2: Foul Ball, location: 2F
1-2: Ball
2-2: Fly out, F2 (Popup, 23F)
Batting: LHB Qi-zhen Loong 0-0: Ball
1-0: Ball
2-0: Called Strike
2-1: Ball
3-1: Base on Balls
Batting: LHB Tim Waters 0-0: Called Strike
0-1: Swinging Strike
0-2: Strikes out swinging
Batting: LHB Roberto Soto 0-0: Ball
1-0: Foul Ball, location: 2F
1-1: Ball
2-1: Foul Ball, location: 2F
2-2: Strikes out swinging, 2-3 out at first.
Bottom of the 8th over - 0 runs, 0 hits, 0 errors, 1 left on base; Milton 2 - Salt Lake City 1
TOP OF THE 9TH
Milton Dogfish Head batting - Pitching for Salt Lake City Buzz : LHP Léonard Moreau
Batting: RHB David Sánchez 0-0: Ball
1-0: Ball
2-0: Called Strike
2-1: Ball
3-1: Base on Balls
Pinch Hitting: RHB Lorenzo Rosas 0-0: Ball
1-0: Sac Bunt - play at first, batter OUT! 1-4
David Sánchez to second
Batting: SHB Enrique Costello 0-0: Intentional Walk
Batting: LHB Víctor Robledo 0-0: Fly out, F6 (Line Drive, 6)
Batting: RHB Paco Muñóz 0-0: Ball
1-0: Ball
2-0: Foul Ball, location: 2F
2-1: Foul Ball, location: 2F
2-2: Ball
3-2: Base on Balls
David Sánchez to third
Enrique Costello to second
Batting: RHB Rich Flannery 0-0: Ball
1-0: Called Strike
1-1: Ball
2-1: Swinging Strike
2-2: Foul Ball, location: 2F
2-2: Foul Ball, location: 2F
2-2: Ball
3-2: Ground out 4-3 (Groundball, 4)
Top of the 9th over - 0 runs, 0 hits, 0 errors, 3 left on base; Milton 2 - Salt Lake City 1
BOTTOM OF THE 9TH
Salt Lake City Buzz batting - Pitching for Milton Dogfish Head : RHP José Luján
Now at 3B: Lorenzo Rosas
Batting: RHB Vicente Cruz 0-0: Ball
1-0: Swinging Strike
1-1: Ball
2-1: Swinging Strike
2-2: SINGLE (Flyball, 8LS)
Batting: LHB Mike Gillespie 0-0: SINGLE (Groundball, 6MD)
Vicente Cruz to second
Runner from 2nd tries for 3rd, SAFE, no throw
Batting: RHB Ethan Miller 0-0: Foul Ball, location: 2F
0-1: Ball
Pickoff Throw to First - Error! E1
Vicente Cruz scores
Mike Gillespie to second
1-1: Intentional Walk
Batting: SHB Pablo Coloa 0-0: Ball
1-0: Ball
2-0: Fly out, F7 (Flyball, 7D)
Runner from 2nd tags up, SAFE at 3rd, no throw
Pitching: RHP Jeff Krause
Batting: RHB Jung-hwan Kwon 0-0: Swinging Strike
0-1: Foul Ball, location: 2F
0-2: Fly out, F7 (Flyball, 7S)
Batting: SHB Félix Medina 0-0: Ground out 1-3 (Groundball, P)
Bottom of the 9th over - 1 run, 2 hits, 1 error, 2 left on base; Milton 2 - Salt Lake City 2
TOP OF THE 10TH
Milton Dogfish Head batting - Pitching for Salt Lake City Buzz : LHP Léonard Moreau
Batting: RHB Luis Alomar 0-0: Called Strike
0-1: Swinging Strike
0-2: Ball
1-2: Foul Ball, location: 2F
1-2: Ball
2-2: Ground out 3-1 (Groundball, 34S)
Batting: RHB Miguel Montoya 0-0: Ball
1-0: Ball
2-0: Ball
3-0: Base on Balls
Pinch Hitting: RHB Moisés Quintana 0-0: Called Strike
0-1: Ball
1-1: Ball
2-1: Foul Ball, location: 2F
2-2: Ball
3-2: Foul Ball, location: 2F
3-2: Base on Balls
Miguel Montoya to second
Batting: RHB David Sánchez 0-0: Called Strike
0-1: Ball
1-1: Ball
2-1: Foul Ball, location: 2F
2-2: Ball
Wild Pitch!
Miguel Montoya to third
Moisés Quintana to second
3-2: Ground out 6-3 (Groundball, 6)
Batting: RHB Lorenzo Rosas 0-0: Foul Ball, location: 2F
0-1: Called Strike
0-2: Fly out, F7 (Flyball, 78D)
Top of the 10th over - 0 runs, 0 hits, 0 errors, 2 left on base; Milton 2 - Salt Lake City 2
BOTTOM OF THE 10TH
Salt Lake City Buzz batting - Pitching for Milton Dogfish Head : RHP Jeff Krause
Now in LF: Edward Woodstock
Batting: LHB Qi-zhen Loong 0-0: Foul Ball, location: 2F
0-1: Ball
1-1: Fly out, F6 (Popup, 6MD)
Batting: LHB Tim Waters 0-0: Called Strike
0-1: Foul Ball, location: 2F
0-2: Foul Ball, location: 2F
0-2: Fly out, F7 (Flyball, 7D)
Batting: LHB Roberto Soto 0-0: Ball
1-0: Called Strike
1-1: Foul Ball, location: 2F
1-2: Fly out, F9 (Flyball, 9LM)
Bottom of the 10th over - 0 runs, 0 hits, 0 errors, 0 left on base; Milton 2 - Salt Lake City 2
TOP OF THE 11TH
Milton Dogfish Head batting - Pitching for Salt Lake City Buzz : LHP Léonard Moreau
Batting: SHB Enrique Costello 0-0: Called Strike
0-1: Ball
1-1: Swinging Strike
1-2: Ground out 4-3 (Groundball, 4)
Batting: LHB Víctor Robledo 0-0: Called Strike
0-1: Ball
1-1: Ball
2-1: SINGLE (Groundball, 34D)
Batting: RHB Paco Muñóz 0-0: Called Strike
0-1: Ball
1-1: SINGLE (Flyball, 78M)
Víctor Robledo to second
Pitching: RHP Rick Kennedy
Batting: RHB Rich Flannery 0-0: Called Strike
0-1: Ball
1-1: Foul Ball, location: 2F
1-2: Ball
2-2: Grounds into double play, 2-6-3 (Groundball, 2R)
Top of the 11th over - 0 runs, 2 hits, 0 errors, 1 left on base; Milton 2 - Salt Lake City 2
BOTTOM OF THE 11TH
Salt Lake City Buzz batting - Pitching for Milton Dogfish Head : RHP Jeff Krause
Batting: RHB Vicente Cruz 0-0: Ball
1-0: Fly out, F9 (Line Drive, 89S)
Batting: LHB Mike Gillespie 0-0: Ball
1-0: Ball
2-0: Ball
3-0: Called Strike
3-1: Fly out, F8 (Flyball, 8LS)
Batting: RHB Ethan Miller 0-0: Ball
1-0: Foul Ball, location: 2F
1-1: Ball
2-1: Ball
3-1: Called Strike
3-2: Base on Balls
Batting: SHB Pablo Coloa 0-0: Called Strike
0-1: Ball
1-1: Swinging Strike
1-2: Fielders Choice at 2nd, 4-6 (Groundball, 4MD)
Bottom of the 11th over - 0 runs, 0 hits, 0 errors, 1 left on base; Milton 2 - Salt Lake City 2
TOP OF THE 12TH
Milton Dogfish Head batting - Pitching for Salt Lake City Buzz : RHP Rick Kennedy
Batting: RHB Luis Alomar 0-0: Ball
1-0: Foul Ball, location: 2F
1-1: Ball
2-1: Ball
3-1: Base on Balls
Batting: RHB Miguel Montoya 0-0: Ball
1-0: Ball
2-0: Foul Ball, location: 2F
2-1: Bunted foul
2-2: Foul Ball, location: 2F
2-2: Strikes out swinging
Batting: LHB Edward Woodstock 0-0: SINGLE (Groundball, 4MD)
Luis Alomar to second
Batting: RHB David Sánchez 0-0: Called Strike
0-1: Ground out 6-3 (Groundball, 6S)
Luis Alomar to third
Edward Woodstock to second
Batting: RHB Lorenzo Rosas 0-0: Called Strike
0-1: Ball
1-1: Ball
2-1: Ball
3-1: Fly out, F2 (Popup, 23F)
Top of the 12th over - 0 runs, 1 hit, 0 errors, 2 left on base; Milton 2 - Salt Lake City 2
BOTTOM OF THE 12TH
Salt Lake City Buzz batting - Pitching for Milton Dogfish Head : RHP Jeff Krause
Batting: RHB Jung-hwan Kwon 0-0: Swinging Strike
0-1: Ball
1-1: Foul Ball, location: 2F
1-2: Ball
2-2: Fly out, F9 (Flyball, 89S)
Batting: SHB Félix Medina 0-0: SINGLE (Line Drive, 89M)
Batting: LHB Qi-zhen Loong 0-0: Ball
1-0: Ball
2-0: Ground out 4-3 (Groundball, 34D)
Félix Medina to second
Batting: LHB Tim Waters 0-0: Ball
1-0: Ball
2-0: SINGLE (Groundball, 56S) (infield hit)
Félix Medina to third
Batting: LHB Roberto Soto 0-0: Called Strike
0-1: Called Strike
0-2: Strikes out swinging
Bottom of the 12th over - 0 runs, 2 hits, 0 errors, 2 left on base; Milton 2 - Salt Lake City 2
TOP OF THE 13TH
Milton Dogfish Head batting - Pitching for Salt Lake City Buzz : RHP Rick Kennedy
Batting: SHB Enrique Costello 0-0: Called Strike
0-1: Ball
1-1: Swinging Strike
1-2: Ground out 4-3 (Groundball, 4)
Batting: LHB Víctor Robledo 0-0: Called Strike
0-1: Ball
1-1: Ball
2-1: Ground out 4-3 (Groundball, 34)
Batting: RHB Paco Muñóz 0-0: Fly out, F5 (Popup, 6S)
Top of the 13th over - 0 runs, 0 hits, 0 errors, 0 left on base; Milton 2 - Salt Lake City 2
BOTTOM OF THE 13TH
Salt Lake City Buzz batting - Pitching for Milton Dogfish Head : RHP Jeff Krause
Batting: RHB Vicente Cruz 0-0: Called Strike
0-1: Fly out, F7 (Flyball, 7S)
Batting: LHB Mike Gillespie 0-0: DOUBLE (Flyball, 78XD)
Batting: RHB Ethan Miller 0-0: Intentional Walk
Pitching: RHP Michael Brown
Batting: SHB Pablo Coloa 0-0: Ball
1-0: Grounds into double play, 5-4-3 (Groundball, 56)
Bottom of the 13th over - 0 runs, 1 hit, 0 errors, 1 left on base; Milton 2 - Salt Lake City 2
TOP OF THE 14TH
Milton Dogfish Head batting - Pitching for Salt Lake City Buzz : RHP Rick Kennedy
Batting: RHB Rich Flannery 0-0: Foul Ball, location: 2F
0-1: Ball
1-1: Foul Ball, location: 2F
1-2: Foul Ball, location: 2F
1-2: Ball
2-2: Strikes out swinging
Batting: RHB Luis Alomar 0-0: Ball
1-0: Ball
2-0: Swinging Strike
2-1: Ball
3-1: Fly out, F8 (Flyball, 8LM)
Batting: RHB Miguel Montoya 0-0: Ball
1-0: Ball
2-0: Ball
3-0: Called Strike
3-1: Foul Ball, location: 2F
3-2: Base on Balls
Batting: LHB Edward Woodstock 0-0: Ball
Wild Pitch!
Miguel Montoya to second
1-0: Ball
2-0: Ball
3-0: Called Strike
3-1: Fly out, F8 (Flyball, 89M)
Top of the 14th over - 0 runs, 0 hits, 0 errors, 1 left on base; Milton 2 - Salt Lake City 2
BOTTOM OF THE 14TH
Salt Lake City Buzz batting - Pitching for Milton Dogfish Head : RHP Michael Brown
Batting: RHB Jung-hwan Kwon 0-0: Ball
1-0: Called Strike
1-1: Foul Ball, location: 2F
1-2: Fly out, F6 (Line Drive, 6)
Batting: SHB Félix Medina 0-0: Ball
1-0: Ball
2-0: Called Strike
2-1: Ball
3-1: Fly out, F8 (Flyball, 8LXD)
Batting: LHB Qi-zhen Loong 0-0: Ball
1-0: Ball
2-0: Fly out, F4 (Popup, 4)
Bottom of the 14th over - 0 runs, 0 hits, 0 errors, 0 left on base; Milton 2 - Salt Lake City 2
TOP OF THE 15TH
Milton Dogfish Head batting - Pitching for Salt Lake City Buzz : RHP Rick Kennedy
Batting: RHB David Sánchez 0-0: Ball
1-0: Called Strike
1-1: Ball
2-1: Ball
3-1: Ground out 6-3 (Groundball, 6)
Batting: RHB Lorenzo Rosas 0-0: Called Strike
0-1: Fly out, F4 (Popup, 4S)
Pitching: RHP Lorenzo López
Batting: SHB Enrique Costello 0-0: Called Strike
0-1: Swinging Strike
0-2: Ground out 4-3 (Groundball, 4M)
Top of the 15th over - 0 runs, 0 hits, 0 errors, 0 left on base; Milton 2 - Salt Lake City 2
BOTTOM OF THE 15TH
Salt Lake City Buzz batting - Pitching for Milton Dogfish Head : RHP Michael Brown
Batting: LHB Tim Waters 0-0: Ball
1-0: Ball
2-0: Swinging Strike
2-1: Foul Ball, location: 2F
2-2: Strikes out looking
Batting: LHB Roberto Soto 0-0: Foul Ball, location: 2F
0-1: Ball
1-1: Fly out, F7 (Flyball, 78M)
Batting: RHB Vicente Cruz 0-0: Called Strike
0-1: Ground out 4-3 (Groundball, 4S)
Bottom of the 15th over - 0 runs, 0 hits, 0 errors, 0 left on base; Milton 2 - Salt Lake City 2
TOP OF THE 16TH
Milton Dogfish Head batting - Pitching for Salt Lake City Buzz : RHP Lorenzo López
Batting: LHB Víctor Robledo 0-0: Ball
1-0: SINGLE (Flyball, 78S)
Batting: RHB Paco Muñóz 0-0: Foul Ball, location: 2F
0-1: Called Strike
0-2: Ball
1-2: Strikes out swinging
Batting: RHB Rich Flannery 0-0: Ball
1-0: Called Strike
1-1: Swinging Strike
1-2: Foul Ball, location: 2F
1-2: 2-RUN HOME RUN (Flyball, 7LD), Distance : 349 ft
Batting: RHB Luis Alomar 0-0: Ball
1-0: Ball
2-0: Fly out, F9 (Flyball, 89D)
Batting: RHB Miguel Montoya 0-0: SINGLE (Flyball, 9LM)
Batting: LHB Edward Woodstock 0-0: DOUBLE (Groundball, 3L)
Miguel Montoya to third
Batting: RHB David Sánchez 0-0: Ball
1-0: Called Strike
1-1: Swinging Strike
1-2: Ball
2-2: Foul Ball, location: 2F
2-2: Ball
3-2: Ground out 6-3 (Groundball, 6)
Top of the 16th over - 2 runs, 4 hits, 0 errors, 2 left on base; Milton 4 - Salt Lake City 2
BOTTOM OF THE 16TH
Salt Lake City Buzz batting - Pitching for Milton Dogfish Head : RHP Michael Brown
Batting: LHB Mike Gillespie 0-0: Called Strike
0-1: Foul Ball, location: 2F
0-2: Foul Ball, location: 2F
0-2: Ball
1-2: Ground out 6-3 (Groundball, 6)
Batting: RHB Ethan Miller 0-0: Ball
1-0: Hit by Pitch
Batting: SHB Pablo Coloa 0-0: Ball
1-0: DOUBLE (Line Drive, 78D)
Ethan Miller to third
Batting: RHB Jung-hwan Kwon 0-0: Ball
1-0: Ball
2-0: Foul Ball, location: 2F
2-1: Ball
3-1: Base on Balls
Batting: SHB Félix Medina 0-0: Ball
1-0: Ball
2-0: Called Strike
2-1: Foul Ball, location: 2F
2-2: Ground out U3 (Groundball, 34S)
Ethan Miller scores
Pablo Coloa to third
Jung-hwan Kwon to second
Batting: LHB Qi-zhen Loong 0-0: Ball
1-0: Foul Ball, location: 2F
1-1: Called Strike
1-2: Ground out 3-1 (Groundball, 34S)
Bottom of the 16th over - 1 run, 1 hit, 0 errors, 2 left on base; Milton 4 - Salt Lake City 3
Tuesday, December 19th, 2017 - OOTP Baseball 18.8 Build 76